 Dungeon Crawl Stone Soup version 0.30-a0-222-ge547ba4400 (webtiles) character file.

Game seed: 2309846009304267658

522 qw the Chopper (level 7, -9/43 HPs)
             Began as a Gargoyle Fighter on Oct 8, 2022.
             Killed from afar by an acid dragon (25 damage)
             ... with a splash of acid
             ... on level 5 of the Dungeon.
             The game lasted 00:01:18 (2707 turns).

qw the Chopper (Gargoyle Fighter)                   Turns: 2707, Time: 00:01:18

Health: -9/43      AC: 11    Str: 21    XL:     7   Next: 22%
Magic:  7/7        EV:  9    Int:  9    God:
Gold:   70         SH:  4    Dex:  9    Spells: 6/6 levels left

rFire   + . .      SeeInvis .    t - +1 war axe (flame)
rCold   + . .      Faith    .    c - +0 buckler
rNeg    + + .      Spirit   .    m - +2 scale mail {rC+}
rPois   inf        Reflect  .    h - +0 helmet
rElec   +          Harm     .    (no cloak)
rCorr   .          Rampage  .    (no gloves)
Will    .....                    e - +0 pair of boots
Stlth   ..........               f - amulet of regeneration
HPRegen 1.07/turn                l - ring of positive energy
MPRegen 0.10/turn                p - ring of protection from fire

@: corroded
A: sickness immunity, AC +4, negative energy resistance 1, electricity
resistance, torment resistance 1, petrification resistance
a: no special abilities


You were on level 5 of the Dungeon.
You visited 1 branch of the dungeon, and saw 5 of its levels.

You collected 260 gold pieces.
You spent 190 gold pieces at shops.


Innate Abilities, Weirdness & Mutations

You are immune to sickness and miasma.
Your stone body is resilient. (AC +4)
You are immune to poison.
You resist negative energy. (rN+)
You are resistant to electric shocks. (rElec)
You are resistant to unholy torment.
You are immune to petrification.


   Skills:
 - Level 4.2 Fighting
 + Level 6.4 Axes
 - Level 3.2 Armour
 - Level 1.0 Dodging
 - Level 3.2 Shields


You had 6 spell levels left.
You didn't know any spells.
Your spell library was empty.

Inventory:

Hand Weapons
 t - a +1 war axe of flaming (weapon)
Armour
 c - a +0 buckler (worn)
 e - a +0 pair of boots (worn)
 h - a +0 helmet (worn)
 i - a +0 chain mail
 m - a +2 scale mail of cold resistance (worn)
Jewellery
 f - an amulet of regeneration (around neck)
 l - a ring of positive energy (left hand)
 p - a ring of protection from fire (right hand)
Wands
 b - a wand of digging (4)
Scrolls
 a - 2 scrolls of identify
 g - a scroll of teleportation
 u - a scroll of poison {unknown}
Potions
 d - 4 potions of might
 j - a potion of mutation
 k - 2 potions of curing
 n - a potion of cancellation
 o - a potion of attraction
 q - a potion of haste {unknown}
 r - a potion of degeneration {unknown}
 s - a potion of resistance {unknown}

Dungeon Overview and Level Annotations

Branches:
Dungeon (5/15)
 Temple: D:4-7

Altars:
Gozag

Shops:
D:5 (*

Annotations:
D:4 2 runed translucent doors, qw's ghost, novice GrFi


Message History

You slash the adder! You burn the adder.
You kill the adder!
There is an entrance to Futwyerr's Assorted Antiques here.
2676 ||| BUYING blue potion (27 gold).
q - a blue potion Thank you for shopping at Futwyerr's Assorted Antiques!
2676 ||| SHOPLISTING pair of gloves (135 gold, have 87).
You can access your shopping list by pressing '$'.
2676 ||| BUYING scroll labelled ADUXTEXEPI (30 gold).
u - a scroll labelled ADUXTEXEPI Thank you for shopping at Futwyerr's Assorted Antiques!
You can access your shopping list by pressing '$'.
A hound comes into view.
You slash the hound! You burn the hound.
You kill the hound!
You see here a hound corpse.
You now have 70 gold pieces (gained 13).
An acid dragon comes into view.
Enter note: The acid dragon barely misses you.
You block the acid dragon's attack.
You closely miss the acid dragon. The acid dragon closely misses you.
The acid dragon claws you but does no damage.
The acid dragon spits acid at you. The splash of acid hits you!!
The acid corrodes you!
You barely miss the acid dragon. The acid dragon bites you.
The acid dragon claws you but does no damage.
You hit the acid dragon. You burn the acid dragon.
The acid dragon is moderately wounded.
The acid dragon bites you. The acid dragon barely misses you.
You hit the acid dragon but do no damage.
The acid dragon is moderately wounded.
The acid dragon bites you! The acid dragon closely misses you.
You hit the acid dragon. You burn the acid dragon.
The acid dragon is heavily wounded.
The acid dragon spits acid at you. The splash of acid hits you!!
Ouch! That really hurt!
You die...

..# #....####
##..#....#
########...#....#
#..........#....#
#..........#....#
#....).....#D...#
##..........#@..!#
.###................#
.#.............#....#
..8.\.<.8......#....#
........%......######
##...##...####.#
#...).#...# #.##
.........## #..#
...\.....# ##.#


You could see an acid dragon (catching breath).

Vanquished Creatures
  Edmund (D:4)
  An ogre (D:4)
  A scorpion (D:4)
  A hound (D:5)
  Terence (D:2)
  An orc wizard (D:5)
  3 gnolls (D:5)
  9 adders
  2 dart slugs
  6 orcs
  6 endoplasms
  3 giant cockroaches
  5 goblins
  8 hobgoblins
  6 jackals
  2 quokkas (D:1)
  3 ball pythons
  7 bats
  3 frilled lizards
  5 kobolds
  4 rats
78 creatures vanquished.

Notes
Turn   | Place    | Note
-------+----------+-------------------------------------------
     0 | D:1      | qw the Gargoyle Fighter began the quest for the Orb.
     0 | D:1      | Reached XP level 1. HP: 14/14 MP: 1/1
     0 | D:1      | 0 ||| qw: Version: 0.2-a-17-g79969f3
     0 | D:1      | 0 ||| qw: Game counter: 1971
     0 | D:1      | 0 ||| qw: Always use a shield: true
     0 | D:1      | 0 ||| qw: God list: Okawaru
     0 | D:1      | 0 ||| qw: Allow faded altars: false
     0 | D:1      | 0 ||| qw: Do Orc after D:15 true
     0 | D:1      | 0 ||| qw: Do second Lair branch before Depths: true
     0 | D:1      | 0 ||| qw: Lair rune preference: random
     0 | D:1      | 0 ||| qw: Plans: Normal, Zot:1-4, God:TSO, Crypt, Tomb,
                  | Pan, Slime:5, Hells, Abyss, Orb
     0 | D:1      | 0 ||| PLANNING D:1-11
    72 | D:1      | Reached skill level 2 in Axes
   124 | D:1      | Reached XP level 2. HP: 19/19 MP: 2/2
   252 | D:1      | 252 ||| Stepping ~*~*~tactically~*~*~ (stealth).
   368 | D:1      | 368 ||| DROPPING +0 club.
   489 | D:1      | 489 ||| UPGRADING to +0 pair of boots.
   494 | D:1      | 494 ||| UPGRADING to +0 helmet.
   499 | D:1      | 499 ||| UPGRADING to +0 chain mail.
   509 | D:1      | 509 ||| DROPPING +0 scale mail.
   510 | D:1      | 510 ||| UPGRADING to ring of positive energy.
   511 | D:1      | 511 ||| READING 2 scrolls labelled TIAMYS IR LIVESO.
   512 | D:1      | 512 ||| READING 2 scrolls labelled ESASELAPLOV.
   513 | D:1      | 513 ||| READING scroll labelled KIESSEI XEUBOL.
   514 | D:1      | 514 ||| DROPPING scroll of blinking.
   552 | D:2      | 552 ||| STAIRDANCE
   568 | D:2      | Reached skill level 3 in Axes
   572 | D:2      | Reached XP level 3. HP: 20/23 MP: 3/3
   572 | D:2      | 572 ||| STAIRDANCE
   812 | D:2      | Found a faded altar of an unknown god.
  1299 | D:2      | 1299 ||| DROPPING +6 ring of intelligence.
  1300 | D:2      | 1300 ||| READING scroll labelled LOOSODWIEVA.
  1301 | D:2      | 1301 ||| READING scroll labelled QON RUL PIOHI.
  1301 | D:2      | Identified a scroll of acquirement
  1301 | D:2      | 1301 ||| ACQUIRING +1 war axe of venom
  1301 | D:2      | Acquired a +1 war axe of venom
  1303 | D:2      | 1303 ||| SWAPPING to +1 war axe of venom.
  1304 | D:2      | 1304 ||| DROPPING +0 war axe.
  1305 | D:2      | 1305 ||| READING scroll labelled RUEFOGR RI JIG.
  1306 | D:2      | 1306 ||| READING scroll labelled MIHIRROXUXT.
  1307 | D:2      | 1307 ||| DRINKING 2 ruby potions.
  1308 | D:2      | 1308 ||| READING 4 scrolls of identify.
  1308 | D:2      | 1308 ||| IDENTIFYING amethyst potion
  1309 | D:2      | 1309 ||| READING 3 scrolls of identify.
  1309 | D:2      | 1309 ||| IDENTIFYING red potion
  1353 | D:3      | Noticed Terence
  1354 | D:3      | 1354 ||| STAIRDANCE
  1359 | D:3      | 1359 ||| STAIRDANCE
  1364 | D:2      | Killed Terence
  1365 | D:2      | Reached skill level 4 in Axes
  1365 | D:2      | Reached XP level 4. HP: 21/28 MP: 4/4
  1412 | D:3      | 1412 ||| STAIRDANCE
  1583 | D:3      | Reached XP level 5. HP: 32/32 MP: 5/5
  1584 | D:3      | Found an opulent altar of Gozag.
  1685 | D:3      | 1685 ||| DROPPING +0 mace.
  1804 | D:3      | 1804 ||| DROPPING scarf of harm.
  1805 | D:3      | 1805 ||| UPGRADING to ring of protection from fire.
  1806 | D:3      | 1806 ||| READING scroll labelled MIYDGHOI IRRI.
  1810 | D:3      | 1810 ||| READING scroll labelled PEJEIP YGABB.
  1911 | D:3      | 1911 ||| READING 3 scrolls of identify.
  1911 | D:3      | 1911 ||| IDENTIFYING smoky grey potion
  1912 | D:3      | 1912 ||| READING 2 scrolls of identify.
  1912 | D:3      | 1912 ||| IDENTIFYING silvery potion
  1913 | D:3      | 1913 ||| DROPPING potion of brilliance.
  2052 | D:4      | Noticed Edmund
  2054 | D:4      | 2054 ||| Stepping ~*~*~tactically~*~*~ (hiding).
  2055 | D:4      | 2055 ||| Stepping ~*~*~tactically~*~*~ (hiding).
  2064 | D:4      | Killed Edmund
  2065 | D:4      | Reached skill level 5 in Axes
  2065 | D:4      | Reached XP level 6. HP: 13/37 MP: 6/6
  2069 | D:4      | 2069 ||| FLEEEEING.
  2070 | D:4      | 2070 ||| FLEEEEING.
  2071 | D:4      | 2071 ||| FLEEEEING.
  2073 | D:4      | 2073 ||| FLEEEEING.
  2159 | D:4      | 2159 ||| Stepping ~*~*~tactically~*~*~ (stealth).
  2305 | D:4      | Reached skill level 6 in Axes
  2310 | D:4      | Found a runed translucent door.
  2310 | D:4      | Noticed qw's ghost (novice GrFi)
  2350 | D:4      | 2350 ||| Stepping ~*~*~tactically~*~*~ (stealth).
  2514 | D:4      | Found a runed translucent door.
  2518 | D:4      | 2518 ||| UPGRADING to +2 scale mail of cold resistance.
  2528 | D:4      | 2528 ||| UPGRADING to amulet of regeneration.
  2533 | D:4      | 2533 ||| DROPPING ring of wizardry.
  2534 | D:4      | 2534 ||| READING 3 scrolls labelled IPNOYG NUGG.
  2535 | D:4      | 2535 ||| DROPPING 2 scrolls of amnesia.
  2572 | D:5      | Entered Level 5 of the Dungeon
  2573 | D:5      | 2573 ||| PLANNING OSSUARY
  2579 | D:5      | 2579 ||| Stepping ~*~*~tactically~*~*~ (stealth).
  2594 | D:5      | Reached skill level 1 in Dodging
  2594 | D:5      | Reached XP level 7. HP: 43/43 MP: 7/7
  2622 | D:5      | 2622 ||| DROPPING +2 whip of venom.
  2656 | D:5      | Found Juzuitwo's Weapon Shop.
  2659 | D:5      | Found Futwyerr's Assorted Antiques.
  2662 | D:5      | 2662 ||| BUYING +1 war axe of flaming (133 gold).
  2662 | D:5      | Bought a +1 war axe of flaming for 133 gold pieces
  2662 | D:5      | 2662 ||| SHOPLISTING +9 war axe of Innocence {freeze,
                  | Dex+4} (667 gold, have 114).
  2662 | D:5      | 2662 ||| SWAPPING to +1 war axe of flaming.
  2663 | D:5      | 2663 ||| DROPPING +0 flail.
  2664 | D:5      | 2664 ||| DROPPING +1 war axe of venom.
  2676 | D:5      | 2676 ||| BUYING blue potion (27 gold).
  2676 | D:5      | Bought a blue potion for 27 gold pieces
  2676 | D:5      | 2676 ||| SHOPLISTING pair of gloves (135 gold, have 87).
  2676 | D:5      | 2676 ||| BUYING scroll labelled ADUXTEXEPI (30 gold).
  2676 | D:5      | Bought a scroll labelled ADUXTEXEPI for 30 gold pieces
  2707 | D:5      | Killed from afar by an acid dragon

Levels and vault maps discovered:
D:1:      minmay_arrival_stair_chambers, layout_rooms,
          corexii_item_surrounded_by_moat, amethyst_killhole
D:2:      layout_loops_cross, shapermc_ecumenical_altar_notcrosses
D:3:      layout_rooms, grunt_gozag_statues, uniq_terence
D:4:      layout_basic, ebering_ghost_sewer_f, st_stairs_2, uniq_edmund
D:5:      layout_rooms, chequers_ossuary_entry_cave, serial_shops,
          nicolae_shop_crystal, nicolae_square_shop, shop_statue,
          nicolae_shop_bloodbath_and_beyond

Skill      XL: |  1  2  3  4  5  6 |
---------------+-------------------+-----
Axes           | 2 3 4 5 6 |  6.4
Fighting       | 4 |  4.2
Dodging        | 1 |  1.0
Armour         | |  3.2
Shields        | |  3.2

Action                   |  1- 3 |  4- 6 |  7- 9 || total
-------------------------+-------+-------+-------++-------
Melee: War axe           |   100 |    86 |    19 ||   205
  Use: Scroll            |     9 |     5 |       ||    14
       Potion            |     1 |       |       ||     1
Armor: Scale mail        |    12 |     3 |    10 ||    25
       Chain mail        |    75 |    47 |       ||   122
Dodge: Dodged            |    53 |    32 |    11 ||    96
Block: Buckler           |    20 |    11 |     3 ||    34

Table legend:
 A = Non-vault XP
 B = Vault XP
 C = Vault XP percentage of total XP
 D = Non-vault monster count
 E = Vault monster count
 F = Vault count percentage of total count
                 A         B        C        D         E       F
            +---------+---------+-------+---------+---------+-------
      Total |     547 |     200 |  26.8 |      74 |       4 |   5.1
            +---------+---------+-------+---------+---------+-------
        D:1 |      28 |       0 |   0.0 |      17 |       0 |   0.0
        D:2 |      71 |      36 |  33.6 |      22 |       1 |   4.3
        D:3 |      56 |       0 |   0.0 |      11 |       0 |   0.0
        D:4 |     231 |     164 |  41.5 |      12 |       3 |  20.0
        D:5 |     161 |       0 |   0.0 |      12 |       0 |   0.0
            +---------+---------+-------+---------+---------+-------
